 Dungeon Crawl Stone Soup version 0.25-a0-589-g1e14c549ee (webtiles) character file.

Game seed: 8380859255375799181, levelgen mode: deterministic

10192 Kohma the Carver (level 11, 0/80 HPs)
             Began as a Demonspawn Gladiator on Mar 11, 2020.
             Was a Priest of Makhleb.
             Killed from afar by a gargoyle (21 damage)
             ... with a stone arrow
             ... on level 10 of the Dungeon.
             The game lasted 00:26:38 (8968 turns).

Kohma the Carver (Demonspawn Gladiator)             Turns: 8968, Time: 00:26:38

Health: 0/80       AC: 13    Str: 16    XL:     11   Next: 32%
Magic:  14/14      EV: 16    Int: 12    God:    Makhleb [***...]
Gold:   727        SH:  0    Dex: 14    Spells: 10/10 levels left

rFire    . . .     SeeInvis .   a - +4 dagger (drain)
rCold    + . .     Gourm    .   (no shield)
rNeg     . . .     Faith    .   o - +0 troll leather armour
rPois    .         Spirit   .   (helmet restricted)
rElec    .         Reflect  .   y - +0 cloak
rCorr    .         Harm     .   s - +0 pair of gloves
MR       .....                  C - +2 pair of boots
Stlth    +.........             L - amulet of magic regeneration
HPRegen  0.63/turn              h - +3 ring of protection
MPRegen  0.39/turn              A - ring of protection from cold

@: very slightly contaminated, invisible
A: antennae 2, repulsion field 1, powered by pain 1, spiny 3
a: Minor Destruction, Lesser Servant of Makhleb, Renounce Religion


You were on level 10 of the Dungeon.
You worshipped Makhleb.
Makhleb was most pleased with you.
You were not hungry.

You visited 2 branches of the dungeon, and saw 11 of its levels.
You also visited: Ossuary.

You collected 727 gold pieces.

Inventory:

Hand Weapons
 a - a +4 dagger of draining (weapon)
 b - a +2 whip of electrocution
 g - the +7 war axe "Piefeas" {flame, SInv, unknown}
   (You found it on level 4 of the Dungeon)

   It has been specially enchanted to burn those struck by it, causing extra
   injury to most foes and up to half again as much damage against particularly
   susceptible opponents.
   Big, fiery blades are also staple armaments of hydra-hunters.
   It lets you see invisible.
 i - a +2 hunting sling of flaming
 N - a +0 scimitar
Missiles
 d - 4 throwing nets
 r - 7 curare-tipped darts (quivered)
 u - 179 stones
 v - 11 poisoned darts
 z - 38 sling bullets
 B - 103 bolts
 S - 5 javelins
Armour
 j - a +0 ring mail
 o - a +0 troll leather armour (worn)
 s - a +0 pair of gloves (worn)
 y - a +0 cloak (worn)
 C - a +2 pair of boots (worn)
Jewellery
 c - a +4 ring of dexterity
 h - a +3 ring of protection (left hand)
 l - an uncursed ring of positive energy
 A - a ring of protection from cold (right hand)
 L - an amulet of magic regeneration (around neck)
Wands
 Q - a wand of acid (9)
 R - a wand of random effects (15)
Scrolls
 e - 5 scrolls of remove curse
 t - a scroll of blinking
 E - 9 scrolls of teleportation
 G - a scroll of fear
 M - a scroll of fog
 O - a scroll of enchant armour {unknown}
 U - a scroll of summoning {unknown}
 V - a scroll of identify
Potions
 k - 2 potions of resistance {unknown}
 m - a potion of mutation {unknown}
 n - 6 potions of curing
 q - 4 potions of stabbing {unknown}
 w - 2 potions of haste {unknown}
 x - 3 potions of might {unknown}
 D - 3 potions of heal wounds {unknown}
 F - a potion of lignification {unknown}
 H - 3 potions of flight {unknown}
 I - 3 potions of berserk rage {unknown}
 J - a potion of brilliance {unknown}
 K - 3 potions of cancellation {unknown}
 P - a potion of magic {unknown}
Comestibles
 f - 22 rations
 T - 7 chunks of flesh


   Skills:
 + Level 5.4 Fighting
 * Level 13.9 Long Blades
 - Level 1.0 Maces & Flails
 - Level 1.7 Throwing
 - Level 3.5 Armour
 - Level 5.0 Dodging
 - Level 4.3 Invocations


You had 10 spell levels left.
You didn't know any spells.
Your spell library contained the following spells:

 Spells                   Type           Power        Failure   Level  Hunger
 Beastly Appendage        Tmut           #.....       36%         1    ##.....
 Infusion                 Chrm           #...         36%         1    ##.....
 Shroud of Golubria       Chrm/Tloc      #.....       52%         2    ###....
 Song of Slaying          Chrm           #.......     52%         2    ###....
 Sticks to Snakes         Tmut           #.......     52%         2    ###....
 Confusing Touch          Hex            #.......     75%         3    ####...
 Gell's Gravitas          Tloc           #.........   75%         3    ####...
 Ozocubu's Armour         Chrm/Ice       #.......     75%         3    ####...
 Spectral Weapon          Hex/Chrm       #.......     75%         3    ####...
 Spider Form              Tmut/Pois      #.........   75%         3    ####...
 Ice Form                 Ice/Tmut       #.......     98%         4    #####..
 Petrify                  Tmut/Erth      #.......     98%         4    #####..
 Blade Hands              Tmut           #.........   100%        5    ######.
 Metabolic Englaciation   Hex/Ice        #.........   100%        5    ######.
 Yara's Violent Unravell  Hex/Tmut       #.........   100%        5    ######.


Dungeon Overview and Level Annotations

Branches:
Dungeon (10/15)            Temple (1/1) D:7            Lair (0/6) D:10
Ossuary (visited)
    Orc: D:9-12

Altars:
Ashenzari
Cheibriados
Dithmenos
Elyvilon
Fedhas
Gozag
Hepliaklqana
Kikubaaqudgha
Makhleb
Nemelex Xobeh
Okawaru
Qazlal
Ru
Sif Muna
Trog
Uskayaw
Vehumet
Wu Jian
Xom
Yredelemnul
Zin
The Shining One

Annotations:
D:8 3 runed translucent doors, kroki's ghost, journeyman DDFi


Innate Abilities, Weirdness & Mutations

You have a pair of antennae on your head.
You are surrounded by a mild repulsion field. (EV +2)
You sometimes gain a little power by taking damage.
You are completely covered in sharp spines.


Message History

* * * LOW HITPOINT WARNING * * *
You feel very sick. The gargoyle barely misses you.
You feel better. The gargoyle closely misses you.
Okay, then.
Press: ? - help, v - describe, . - travel
Here: a gargoyle, wielding a +0 flail of venom (severely damaged)
The floor.
You fade into invisibility!
The gargoyle hurls a stone arrow at you.
The stone arrow misses you.
You are very lightly contaminated with residual magic.
Your +2 whip of electrocution stops crackling.
You sense an unholy aura.
a - a +4 dagger of draining (weapon)
You hit the gargoyle.
The gargoyle is severely damaged.
The gargoyle hurls a stone arrow at you.
The stone arrow hits you!!
You die...

#..............................#
#..............................#
#..............................#
#..............................#
#....#....#....................#
##....#....#....................#
......#....#....................#
......#>...#....................#
......#....#....@9..............#
......#...########..............#
..........#.....................#
......)...#.....................#
.#........#.....................#
..........#.....................#
..........#.....................#
..........#.....................#
..........#.........^...........#


You could see a gargoyle.

Vanquished Creatures
  2 two-headed ogres (D:10)
  An unseen horror (D:9)
  Pikel (D:6)
  A queen bee (D:8)
  2 trolls (D:9)
  8 yaks
  A hungry ghost (D:8)
  A basilisk (D:10)
  2 porcupines (D:10)
  2 phantoms
  3 black bears
  2 orc warriors
  A sky beast (D:6)
  2 ice beasts
  5 ogres
  4 wolves (D:10)
  3 centaurs
  3 crocodiles
  12 bullfrogs
  A gnoll sergeant (D:8)
  4 scorpions
  25 killer bees
  A howler monkey (D:7)
  A centaur zombie (D:8)
  A crimson imp (D:7)
  6 hounds
  3 jellies
  8 orc wizards
  2 gnoll shamans
  2 orc priests
  A bullfrog zombie (D:7)
  A centaur skeleton (D:5)
  2 bullfrog skeletons
  An iguana (D:10)
  4 worker ants
  A killer bee zombie (D:6)
  A hound zombie (D:7)
  9 mummies
  A worker ant zombie (D:5)
  15 gnolls
  10 adders
  3 shadow imps
  An adder zombie (D:9)
  2 adder skeletons
  A worm (D:3)
  2 dart slugs
  2 leopard geckos (D:1)
  28 orcs
  3 ball pythons
  6 giant cockroaches
  5 goblins
  3 hobgoblins
  4 jackals (D:2)
  4 quokkas
  3 bats
  5 frilled lizards
  A goblin zombie (D:5)
  8 kobolds
  6 kobold zombies
  3 orc zombies (Ossuary)
  A quokka skeleton (D:8)
  6 rats
253 creatures vanquished.

Notes
Turn   | Place    | Note
-------+----------+-------------------------------------------
     0 | D:1      | Kohma the Demonspawn Gladiator began the quest for the Orb.
     0 | D:1      | Reached XP level 1. HP: 16/16 MP: 1/1
   117 | D:1      | Reached skill level 3 in Long Blades
   197 | D:1      | Gained mutation: You are surrounded by a mild repulsion
                  | field. (EV +2) [demonic ancestry]
   197 | D:1      | Reached XP level 2. HP: 17/22 MP: 2/2
   781 | D:2      | Reached XP level 3. HP: 20/27 MP: 3/3
  1506 | D:3      | Reached skill level 4 in Long Blades
  1548 | D:3      | Gained mutation: You are partially covered in sharp spines.
                  | [demonic ancestry]
  1548 | D:3      | Reached XP level 4. HP: 33/33 MP: 4/4
  1955 | D:4      | Gained mutation: You are mostly covered in sharp spines.
                  | [demonic ancestry]
  1955 | D:4      | Reached XP level 5. HP: 33/38 MP: 5/5
  2041 | D:4      | Noticed an ogre
  2057 | D:4      | Killed an ogre
  2057 | D:4      | Reached skill level 5 in Long Blades
  2263 | D:4      | Noticed a phantom
  2449 | D:4      | Got a slimy war axe
  2504 | D:4      | Gained mutation: You have a pair of small antennae on your
                  | head. [demonic ancestry]
  2504 | D:4      | Reached XP level 6. HP: 43/44 MP: 6/6
  2738 | D:4      | Reached skill level 6 in Long Blades
  3057 | D:5      | Entered Level 5 of the Dungeon
  3062 | D:5      | Gained mutation: You are completely covered in sharp
                  | spines. [demonic ancestry]
  3062 | D:5      | Reached XP level 7. HP: 47/50 MP: 7/7
  3142 | D:5      | Reached skill level 5 in Dodging
  3192 | D:5      | Found a sand-covered staircase.
  3210 | D:5      | Reached skill level 7 in Long Blades
  3424 | Ossuary  | Entered an ossuary
  3958 | D:6      | Reached XP level 8. HP: 54/56 MP: 8/8
  3959 | D:6      | Reached skill level 8 in Long Blades
  4129 | D:6      | Found a burning altar of Makhleb.
  4129 | D:6      | Found an iron altar of Okawaru.
  4144 | D:6      | Became a worshipper of Makhleb the Destroyer
  4178 | D:6      | Reached skill level 9 in Long Blades
  4202 | D:6      | Reached skill level 1 in Invocations
  4479 | D:6      | Noticed Pikel
  4494 | D:6      | Killed Pikel
  4494 | D:6      | Reached skill level 10 in Long Blades
  4494 | D:6      | Gained mutation: You have a pair of antennae on your head.
                  | [demonic ancestry]
  4494 | D:6      | Reached XP level 9. HP: 59/61 MP: 10/12
  4661 | D:7      | Found an opulent altar of Gozag.
  4662 | D:7      | Found a sparkling altar of Nemelex Xobeh.
  4799 | D:7      | Reached skill level 1 in Maces & Flails
  4826 | D:7      | Reached * piety under Makhleb
  4835 | D:7      | Found a staircase to the Ecumenical Temple.
  4883 | Temple   | Entered the Ecumenical Temple
  5042 | D:7      | Found a basalt altar of Yredelemnul.
  5310 | D:7      | Reached skill level 11 in Long Blades
  5803 | D:8      | Found a runed translucent gate.
  5803 | D:8      | Found a runed translucent gate.
  5803 | D:8      | Found a runed translucent gate.
  5813 | D:8      | Noticed kroki's ghost (journeyman DDFi)
  6000 | D:8      | Reached skill level 12 in Long Blades
  6045 | D:8      | Gained mutation: You sometimes gain a little power by
                  | taking damage. [demonic ancestry]
  6045 | D:8      | Reached XP level 10. HP: 58/67 MP: 13/13
  6426 | D:8      | Reached ** piety under Makhleb
  7128 | D:9      | You fall into a shaft and drop 1 floor!
  7128 | D:10     | Entered Level 10 of the Dungeon
  7177 | D:9      | Reached skill level 1 in Armour
  7337 | D:9      | Reached skill level 13 in Long Blades
  7619 | D:9      | Killed an unseen horror
  7805 | D:9      | Found a sacrificial altar of Ru.
  7806 | D:9      | Found a bloodstained altar of Trog.
  8479 | D:10     | Reached XP level 11. HP: 49/77 MP: 14/14
  8682 | D:10     | Found a staircase to the Lair.
  8701 | D:10     | Reached *** piety under Makhleb
  8724 | D:10     | Noticed a two-headed ogre
  8724 | D:10     | Noticed a two-headed ogre
  8749 | D:10     | Killed a two-headed ogre
  8749 | D:10     | Reached skill level 5 in Fighting
  8786 | D:10     | Killed a two-headed ogre
  8968 | D:10     | Killed from afar by a gargoyle

Levels and vault maps discovered:
D:1:      dpeg_arrival_rooms_a, layout_loops_ring
D:2:      layout_loops_cross
D:3:      layout_rooms
D:4:      layout_gridville, first_ration
D:5:      layout_basic, nicolae_ossuary_entry_giza
D:6:      layout_rooms, chequers_temple_overflow_statue_of_worship, uniq_pikel
D:7:      layout_loops_ring, grunt_temple_overflow_opulence, kennysheep_mini,
          minmay_temple_entry_statues_fountains, kennysheep_generic_room_6
D:8:      layout_cave_pods, gammafunk_ghost_spectres, david_nohive_1
D:9:      layout_stronghold, gammafunk_temple_overflow_wave
D:10:     layout_grid_maze, minmay_lair_entry_grove, serial_shops, shop, shop,
          onia_ninara_cookie
Temple:   eino_wide_crystal_templ

Skill      XL: |  1  2  3  4  5  6  7  8  9 10 11 |
---------------+----------------------------------+-----
Long Blades    | 3 4 5 6 7 10 12 13 | 13.9
Dodging        | 3 4 5 |  5.0
Invocations    | 4 |  4.3
Maces & Flails | 1 |  1.0
Armour         | 3 |  3.5
Fighting       | 4 5 |  5.4
Throwing       | |  1.7

Action                   |  1- 3 |  4- 6 |  7- 9 | 10-12 || total
-------------------------+-------+-------+-------+-------++-------
Melee: Long sword        |    52 |       |       |       ||    52
       Dagger            |    30 |   113 |   186 |     1 ||   330
       Whip              |       |       |    96 |   231 ||   327
Throw: Dart              |       |       |     5 |    18 ||    23
  Use: Scroll            |       |    10 |     6 |     2 ||    18
       Potion            |       |     1 |       |     2 ||     3
 Stab: Sleeping          |     1 |       |       |     1 ||     2
  Eat: Chunk             |     2 |     4 |     7 |     7 ||    20
       Ration            |       |       |     1 |     1 ||     2
Armor: Ring mail         |     3 |    14 |    71 |    36 ||   124
       Leather armour    |    15 |     9 |       |       ||    24
       Troll leather arm |       |       |       |    41 ||    41
Dodge: Dodged            |    76 |    55 |   164 |   202 ||   497
       Rpst.: Long sword |    13 |       |       |       ||    13

Table legend:
 A = Non-vault XP
 B = Vault XP
 C = Vault XP percentage of total XP
 D = Non-vault monster count
 E = Vault monster count
 F = Vault count percentage of total count
                 A         B        C        D         E       F
            +---------+---------+-------+---------+---------+-------
      Total |   10861 |    3700 |  25.4 |     201 |      52 |  20.6
            +---------+---------+-------+---------+---------+-------
        D:1 |      23 |       0 |   0.0 |      15 |       0 |   0.0
        D:2 |      54 |       0 |   0.0 |      18 |       0 |   0.0
        D:3 |      90 |       0 |   0.0 |      19 |       0 |   0.0
        D:4 |     537 |       0 |   0.0 |      14 |       0 |   0.0
        D:5 |     428 |      20 |   4.5 |      15 |       3 |  16.7
        D:6 |    1201 |     673 |  35.9 |      28 |       1 |   3.4
        D:7 |     893 |     173 |  16.2 |      17 |       3 |  15.0
        D:8 |    1361 |    1299 |  48.8 |      27 |      17 |  38.6
        D:9 |    3437 |       0 |   0.0 |      36 |       0 |   0.0
       D:10 |    2837 |    1377 |  32.7 |      12 |      12 |  50.0
    Ossuary |       0 |     158 | 100.0 |       0 |      16 | 100.0
            +---------+---------+-------+---------+---------+-------
